cohdb
Replays
Latest Replays
All Replays
Popular Replays
Top Player Replays
Match Explorer
How It Works
Community
CoH3 Stats
Reddit
Sign in to upload your games and track your stats! →
Sign in with Steam
Match 42801283
Unlisted
Match 42801283
Overview
Messages
Build Orders
End
Construct Infanterie Kompanie
Grenadier Squad
Grenadier Squad
Grenadier Squad
Grenadier Squad
Construct Luftwaffe Kompanie
Jäger Squad
Selects Breakthrough Battlegroup
Selects Assault Grenadiers
Selects Smoke Bombing Run
Smoke Bombing Run
Support Elements
Jäger Squad
Wirbelwind Flakpanzer
Comaura
Salah Adin
orton
Da Vinky?
TavernelloIndustries®
SKILL
SimiBest
gUi
0
0
Comments
sign in to comment!
No comments posted yet!